 Dungeon Crawl Stone Soup version 0.24.0-13-gcf9b319 (webtiles) character file.

Game seed: 545887001652496286, levelgen mode: deterministic

1148 Boetheseconed the Grappler (level 8, -10/75 HPs)
             Began as a Troll Monk on Dec 1, 2019.
             Was an Elder of Nemelex Xobeh.
             Mangled by an ice devil (16 damage)
             ... summoned by the player character
             ... on level 6 of the Dungeon.
             The game lasted 00:11:15 (4576 turns).

Boetheseconed the Grappler (Troll Monk)             Turns: 4576, Time: 00:11:22

Health: -10/75     AC:  6    Str: 20    XL:     8   Next: 15%
Magic:  7/7        EV: 12    Int: 10    God:    Nemelex Xobeh [****..]
Gold:   212        SH:  0    Dex: 14    Spells: 7/7 levels left

rFire    . . .     SeeInvis .     - Unarmed
rCold    . . .     Gourm    +   (no shield)
rNeg     . . .     Faith    .   a - +0 robe
rPois    .         Spirit   .   k - +0 hat {MR+}
rElec    .         Reflect  .   (no cloak)
rCorr    .         Harm     .   (gloves unavailable)
MR       +....                  (boots unavailable)
Stlth    ++........             (no amulet)
HPRegen  0.62/turn              l - +4 ring of intelligence
MPRegen  0.10/turn              (no ring)

@: no status effects
A: large, unfitting armour, claws 3, fast metabolism 3, gourmand, regeneration
1, shaggy fur 1, tough skin 3
a: Draw Escape, Draw Destruction, Draw Summoning, Triple Draw, Deal Four,
Renounce Religion


You were on level 6 of the Dungeon.
You worshipped Nemelex Xobeh.
Nemelex Xobeh was greatly pleased with you.
You were completely stuffed.

You visited 1 branch of the dungeon, and saw 6 of its levels.

You collected 212 gold pieces.

Inventory:

Armour
 a - a +0 robe (worn)
 k - a +0 hat of magic resistance (worn)
Jewellery
 l - a +4 ring of intelligence (left claw)
 B - an uncursed amulet of the acrobat {unknown}
Wands
 v - a wand of flame (13)
Scrolls
 c - a scroll of remove curse
 e - 7 scrolls of teleportation {unknown}
 f - a scroll of blinking {unknown}
 g - 2 scrolls of amnesia {unknown}
 i - 4 scrolls of enchant armour {unknown}
 j - a scroll of enchant weapon {unknown}
 o - a scroll of noise {unknown}
 q - a scroll of random uselessness {unknown}
 r - 8 scrolls of identify {unknown}
 s - a scroll of fog {unknown}
 u - 2 scrolls of magic mapping {unknown}
 w - 2 scrolls of immolation {unknown}
 x - a scroll of vulnerability {unknown}
 y - a scroll of fear {unknown}
Potions
 d - a potion of curing {unknown}
 h - 2 potions of flight {unknown}
 m - a potion of brilliance {unknown}
 n - 3 potions of magic {unknown}
 p - 2 potions of mutation {unknown}
 t - a potion of degeneration {unknown}
 z - a potion of haste {unknown}
 A - a potion of might {unknown}
Comestibles
 b - 9 rations
 C - 11 chunks of flesh


   Skills:
 + Level 3.3 Fighting
 + Level 4.1 Dodging
 + Level 2.2 Stealth
 + Level 8.3 Unarmed Combat


You had 7 spell levels left.
You didn't know any spells.
Your spell library was empty.

Dungeon Overview and Level Annotations

Branches:
Dungeon (6/15)
 Temple: D:4-7

Altars:
Ashenzari
Cheibriados
Dithmenos
Gozag
Nemelex Xobeh
Sif Muna
Vehumet
Wu Jian

Shops:
D:5 ?


Innate Abilities, Weirdness & Mutations

You are too large for most types of armour.
You have claws for hands.
Your metabolism is lightning-fast.
You like to eat raw meat.
Your natural rate of healing is unusually fast.
You are covered in fur. (AC +1)
You have extremely tough skin. (AC +3)


Message History

The ice devil hits you! The ice devil freezes you!
You closely miss the ice devil.
The ice devil is heavily wounded.
The ice devil hits you but does no damage.
You scratch the ice devil but do no damage.
The ice devil is heavily wounded.
The ice devil hits you! The ice devil freezes you!!
* * * LOW HITPOINT WARNING * * *
You closely miss the ice devil. Your claw misses the ice devil.
The ice devil is heavily wounded.
You scratch the ice devil.
The ice devil is severely wounded.
The ice devil hits you but does no damage.
You barely miss the ice devil.
The ice devil is severely wounded.
The ice devil hits you.
* * * LOW HITPOINT WARNING * * *
The ice devil freezes you!
You die...
Your body disappears without a glow.

..#≈≈≈≈≈# #................#
..###########...............#
..# #...##...............#
.## #....................# ##
#...............[.... .#
#................ .#
#................ .#
##...#...4)...### ###
###....#(...@....#
..###...#.##.......>..#
#...#.....##............
###.......##.#.....#..##
#######....##...##..#
.........## .# .........#
.........# ###


You could see an ice devil.

Vanquished Creatures
  Sigmund (D:5)
  A hornet zombie (D:5)
  3 ogres
  2 bullfrogs (D:6)
  A scorpion (D:3)
  A hound (D:4)
  An orc priest (D:6)
  2 iguanas
  3 orc wizards
  A worker ant (D:6)
  A hound skeleton (D:4)
  8 gnolls
  5 adders
  A shadow imp (D:5)
  3 oozes
  A worm (D:2)
  3 dart slugs
  2 leopard geckos (D:3)
  10 orcs
  3 giant cockroaches
  8 goblins
  6 hobgoblins
  9 jackals
  2 quokkas (D:2)
  3 ball pythons (D:3)
  6 bats
  6 frilled lizards
  8 kobolds
  6 rats
107 creatures vanquished.

Notes
Turn   | Place    | Note
-------+----------+-------------------------------------------
     0 | D:1      | Boetheseconed the Troll Monk began the quest for the Orb.
     0 | D:1      | Reached XP level 1. HP: 22/22 MP: 0/0
   171 | D:1      | Reached XP level 2. HP: 15/29 MP: 1/1
  1011 | D:2      | Found an ornate altar of the Wu Jian Council.
  1054 | D:2      | Reached XP level 3. HP: 35/36 MP: 2/2
  1622 | D:3      | Reached XP level 4. HP: 44/44 MP: 3/3
  1627 | D:3      | Reached skill level 4 in Unarmed Combat
  1749 | D:3      | Reached XP level 5. HP: 33/50 MP: 4/4
  1779 | D:3      | Found a faded altar of an unknown god.
  1820 | D:3      | Became a worshipper of Nemelex Xobeh the Trickster
  1820 | D:3      | Received a gift from Nemelex Xobeh
  1820 | D:3      | Reached * piety under Nemelex Xobeh
  1820 | D:3      | Received a gift from Nemelex Xobeh
  1820 | D:3      | Reached ** piety under Nemelex Xobeh
  1926 | D:3      | Found a shattered altar of Ashenzari.
  1963 | D:3      | Found a shimmering blue altar of Sif Muna.
  2043 | D:3      | Reached skill level 5 in Unarmed Combat
  2211 | D:3      | Reached *** piety under Nemelex Xobeh
  2211 | D:3      | Received a gift from Nemelex Xobeh
  2428 | D:3      | Found an opulent altar of Gozag.
  2432 | D:3      | Found a radiant altar of Vehumet.
  2435 | D:3      | Found a shadowy altar of Dithmenos.
  2787 | D:4      | Reached XP level 6. HP: 59/59 MP: 5/5
  3043 | D:4      | Received a gift from Nemelex Xobeh
  3044 | D:4      | Reached **** piety under Nemelex Xobeh
  3661 | D:5      | Entered Level 5 of the Dungeon
  3662 | D:5      | Found Makk's Magic Scroll Shoppe.
  3754 | D:5      | Reached skill level 6 in Unarmed Combat
  3871 | D:5      | Reached XP level 7. HP: 66/67 MP: 6/6
  4141 | D:5      | Reached skill level 7 in Unarmed Combat
  4225 | D:5      | Noticed Sigmund
  4238 | D:5      | Killed Sigmund
  4409 | D:6      | Reached XP level 8. HP: 31/75 MP: 7/7
  4411 | D:6      | Reached skill level 8 in Unarmed Combat
  4526 | D:6      | Found a snail-covered altar of Cheibriados.
  4562 | D:6      | Noticed an ice devil
  4576 | D:6      | Mangled by an ice devil

Levels and vault maps discovered:
D:1:      dpeg_arrival_rooms_b, layout_basic, minmay_pentomino_w2
D:2:      layout_loops_ring, nicolae_overflow_crystal_walls, first_ration,
          minmay_liquid_box, serial_bayou_pond_a
D:3:      layout_loops_ring, minmay_overflow_temple_star_quad,
          overflow_temple_1_default, lemuel_doored_altar,
          chequers_ecumenical_altar_simple_redux
D:4:      layout_layer_cave
D:5:      layout_basic, serial_shops, nicolae_shop_statue_plus, uniq_sigmund
D:6:      layout_rooms, kennysheep_little_box, kennysheep_generic_room_13

Skill      XL: |  1  2  3  4  5  6  7  8 |
---------------+-------------------------+-----
Dodging        | 3 4 |  4.1
Unarmed Combat | 4 5 6 7 8 |  8.3
Fighting       | 3 |  3.3
Stealth        | 2 |  2.2

Action                   |  1- 3 |  4- 6 |  7- 9 || total
-------------------------+-------+-------+-------++-------
Melee: Unarmed           |   113 |   155 |    68 ||   336
       Punch             |     3 |     1 |     3 ||     7
 Abil: Draw Summoning    |       |       |     1 ||     1
  Use: Scroll            |       |     1 |       ||     1
 Stab: Sleeping          |     3 |       |       ||     3
  Eat: Chunk             |    20 |    19 |     8 ||    47
Armor: Robe              |    64 |    44 |    13 ||   121
Dodge: Dodged            |    78 |    83 |    34 ||   195
